 Dungeon Crawl Stone Soup version 0.17-a0-802-g1f09329 (webtiles) character file.

525 namelastname112 the Digger (level 7, 47/50 HPs)
             Began as a Mottled Draconian Earth Elementalist on Apr 26, 2015.
             Quit the game on level 5 of the Dungeon.
             The game lasted 00:08:37 (4101 turns).

namelastname112 the Digger (DrEE)                   Turns: 4101, Time: 00:08:37

Health: 47/50      AC:  7    Str: 10    XL:     7   Next: 2%
Magic:  11/14      EV: 12    Int: 17    God:
Gold:   144        SH:  0    Dex: 12    Spells: 2 memorised, 12 levels left

rFire  + . .     SeeInvis .     a - 66 stones
rCold  . . .     Clarity  .     (armour unavailable)
rNeg   . . .     SustAb   .     (no shield)
rPois  .         Gourm    .     (helmet restricted)
rElec  .         Spirit   .     (no cloak)
rCorr  .         Warding  .     v - +0 pair of gloves
rMut   .         Rnd*Tele +     (no boots)
MR     .....                    (no amulet)
Stlth  ++........               y - ring of teleportation (curse)
                                p - ring of protection from fire

@: not resistant to hostile enchantments, unstealthy
A: breathe sticky flame splash, unfitting armour, cold-blooded, AC +6
a: Breathe Sticky Flame, Evoke Teleportation


You were on level 5 of the Dungeon.
You were not hungry.

You visited 1 branch of the dungeon, and saw 5 of its levels.

You collected 144 gold pieces.

Inventory:

Hand weapons
 g - a +0 club
Missiles
 a - 66 stones (in hand)
Armour
 f - a +0 pair of gloves
 v - a +0 pair of gloves (worn)
Jewellery
 p - a ring of protection from fire (left hand)
 w - an uncursed ring of positive energy
 y - a cursed ring of teleportation (right hand)
Magical devices
 B - a wand of lightning (6)
Scrolls
 d - a scroll of noise {unknown}
 h - 2 scrolls of fog {unknown}
 j - a scroll of magic mapping {unknown}
 k - a scroll of remove curse {unknown}
 m - 4 scrolls of identify {unknown}
 o - a scroll of immolation {unknown}
 r - a scroll of enchant armour {unknown}
 s - 3 scrolls of teleportation {unknown}
 t - a scroll of amnesia {unknown}
 z - a scroll of fear {unknown}
Potions
 e - 2 potions of restore abilities {unknown}
 i - 5 potions of curing {unknown}
 l - a potion of cancellation {unknown}
 n - a potion of might {unknown}
 q - 2 potions of haste {unknown}
 u - 3 potions of brilliance {unknown}
 x - a potion of magic {unknown}
 A - a potion of lignification {unknown}
Books
 b - a book of Geomancy

   Spells                             Type                      Level
   a - Sandblast                      Earth                        1
   b - Stoneskin                      Transmutation/Earth          2
   c - Passwall                       Transmutation/Earth          3
   d - Stone Arrow                    Conjuration/Earth            3
   e - Petrify                        Transmutation/Earth          4
   f - Lee's Rapid Deconstruction     Earth                        5
Comestibles
 c - 4 bread rations


   Skills:
 - Level 1.7 Dodging
 - Level 1.7 Stealth
 + Level 5.1 Spellcasting
   Level 1.0 Transmutations
 + Level 6.1 Earth Magic


You had 12 spell levels left.
You knew the following spells:

 Your Spells              Type           Power        Failure   Level  Hunger
a - Stone Arrow           Conj/Erth      ##....       14%         3    ###....
z - Sandblast             Erth           ####..       1%          1    None


Dungeon Overview and Level Annotations

Branches:
Dungeon (5/15)
 Temple: D:4-7

Altars:
Dithmenos
Ru


Innate Abilities, Weirdness & Mutations

You can spit globs of burning liquid.
You can ignite nearby creatures when you spit burning liquid.
Your weird mottled scales are hard (AC +6).
Your body does not fit into most forms of armour.
You are cold-blooded and may be slowed by cold attacks.


Message History

Really attack while wielding your 68 stones?
A jelly is nearby!
Casting: Sandblast
Confirm with . or Enter, or press ? or * to list all spells.
Aiming: Sandblast
Press: ? - help, Shift-Dir - straight line, f - jelly
Aim: a jelly (resting)
The rocky blast hits the jelly.
The jelly is almost dead.
The jelly quivers.
Casting: Sandblast
Confirm with . or Enter, or press ? or * to list all spells.
Aiming: Sandblast
Press: ? - help, Shift-Dir - straight line, f/p - jelly
Aim: a jelly (almost dead)
The rocky blast hits the jelly.
You kill the jelly!
You have reached level 7!
Your scales start taking on a weird mottled colour.
Are you sure you want to abandon this character and quit the game? (Confirm with "yes".)

#............#
##...####...###
..... ##.##
..... #.# #..
#.# #.#####.#
#......#
#.#######.#
#...@....#
#.########.#
#.# ..# ###


There were no monsters in sight!

Vanquished Creatures
  A centaur (D:4)
  The ghost of namelastname112 the Vexing, an average DrEn (D:4)
  2 hounds
  A jelly (D:5)
  A centaur skeleton (D:5)
  An orc wizard (D:2)
  A worker ant (D:4)
  A killer bee zombie (D:5)
  10 adders
  An ooze (D:1)
  A worm (D:2)
  2 giant geckos (D:1)
  An orc (D:4)
  7 bats
  3 giant cockroaches (D:2)
  8 hobgoblins
  5 jackals
  7 kobolds
  3 quokkas
  5 ball pythons (D:3)
  3 giant newts
  6 goblins
  A quokka skeleton (D:5)
  10 rats
82 creatures vanquished.

Notes
Turn   | Place    | Note
--------------------------------------------------------------
     0 | D:1      | namelastname112, the Draconian Earth Elementalist, began the quest for the Orb.
     0 | D:1      | Reached XP level 1. HP: 14/14 MP: 3/3
   309 | D:1      | Reached XP level 2. HP: 20/20 MP: 0/5
  1018 | D:2      | Reached XP level 3. HP: 26/26 MP: 0/6
  1221 | D:2      | Found a sacrificial altar of Ru.
  1237 | D:2      | Reached skill level 4 in Earth Magic
  1239 | D:2      | Reached XP level 4. HP: 24/33 MP: 0/8
  1982 | D:3      | Reached XP level 5. HP: 27/38 MP: 0/10
  2668 | D:3      | Found a shadowy altar of Dithmenos.
  2782 | D:3      | Learned a level 3 spell: Stone Arrow
  3278 | D:4      | Reached skill level 5 in Earth Magic
  3293 | D:4      | Noticed namelastname112's ghost (average DrEn)
  3303 | D:4      | Killed namelastname112's ghost
  3303 | D:4      | Reached XP level 6. HP: 40/45 MP: 2/12
  3971 | D:5      | Entered Level 5 of the Dungeon
  4020 | D:5      | Reached skill level 6 in Earth Magic
  4078 | D:5      | Reached skill level 5 in Spellcasting
  4100 | D:5      | Your scales start taking on a weird mottled colour.
  4100 | D:5      | Reached XP level 7. HP: 47/50 MP: 11/14
  4101 | D:5      | Quit the game

Action                   |  1- 3 |  4- 6 |  7- 9 || total
-------------------------+-------+-------+-------++-------
Melee: Unarmed           |    12 |       |       ||    12
       Club              |    42 |    33 |       ||    75
 Cast: Sandblast         |    59 |   121 |     1 ||   181
 Stab: Sleeping          |     1 |       |       ||     1
       Paralysed         |       |     1 |       ||     1
  Eat: Chunk             |     1 |     7 |       ||     8
       Meat ration       |       |     1 |       ||     1
